 Dungeon Crawl Stone Soup version 0.20.1-1-g8b1a95d (webtiles) character file.

570 Baril the Digger (level 7, -7/36 HPs)
             Began as a Gargoyle Earth Elementalist on Oct 2, 2017.
             Was an Initiate of Vehumet.
             Mangled by Terence
             ... wielding a +2 flail of distortion
              (22 damage)
             ... on level 2 of the Dungeon.
             The game lasted 01:07:52 (7169 turns).

Baril the Digger (Gargoyle Earth Elementalist)      Turns: 7169, Time: 01:07:52

Health: -7/36      AC:  7    Str: 12    XL:     7   Next: 34%
Magic:  13/13      EV: 12    Int: 17    God:    Vehumet [......]
Gold:   195        SH:  0    Dex: 10    Spells: 10/14 levels left

rFire    . . .     SeeInvis .   a - +1 flail (protect)
rCold    . . .     Gourm    .   (no shield)
rNeg     + . .     Faith    .   c - +0 robe
rPois    ∞         Spirit   .   (no helmet)
rElec    +         Reflect  .   (no cloak)
rCorr    .         Harm     .   u - +0 pair of gloves
MR       .....                  (no boots)
Stlth    ++........             (no amulet)
Regen    0.2/turn               (no ring)
MPRegen  0.2/turn               (no ring)

@: no status effects
A: negative energy resistance 1, electricity resistance, unbreathing,
petrification resistance, rot immunity, AC +4
a: Renounce Religion


You were on level 2 of the Dungeon.
You worshipped Vehumet.
Vehumet was noncommittal.
You were hungry.

You visited 2 branches of the dungeon, and saw 5 of its levels.

You collected 195 gold pieces.

Inventory:

Hand Weapons
 a - a +1 flail of protection (weapon)
 C - a +0 club
Missiles
 b - 33 stones (quivered)
 i - 143 arrows
 k - 57 sling bullets
 m - 11 bolts
Armour
 c - a +0 robe (worn)
 u - a +0 pair of gloves (worn)
Wands
 r - a wand of scattershot (6/9)
 v - a wand of iceblast (2/15)
Scrolls
 n - a scroll of teleportation {unknown}
 o - a scroll of immolation {unknown}
 q - a scroll of blinking {unknown}
 s - 2 scrolls of remove curse {unknown}
 t - a scroll of noise {unknown}
 w - a scroll of enchant weapon {unknown}
 x - 6 scrolls of identify {unknown}
 y - a scroll of amnesia {unknown}
 z - 2 scrolls of fog {unknown}
 A - a scroll of magic mapping {unknown}
Potions
 f - a potion of magic {unknown}
 h - a potion of berserk rage {unknown}
 l - 2 potions of curing {unknown}
Books
 e - a book of Geomancy

   Spells                             Type                      Level
   a - Sandblast                      Earth                        1
   b - Passwall                       Transmutation/Earth          2
   c - Stone Arrow                    Conjuration/Earth            3
   d - Petrify                        Transmutation/Earth          4
   e - Lee's Rapid Deconstruction     Earth                        5
Comestibles
 d - 2 bread rations
 g - 3 fruits
 j - 2 royal jellies
 p - 2 meat rations


   Skills:
 - Level 1.5 Dodging
 - Level 2.1 Stealth
 + Level 4.3 Spellcasting
 + Level 4.3 Conjurations
   Level 0.7 Transmutations
 + Level 6.6 Earth Magic


You had 10 spell levels left.
You knew the following spells:

 Your Spells              Type           Power        Failure   Level  Hunger
a - Sandblast             Erth           ####..       1%          1    None
b - Stone Arrow           Conj/Erth      ###...       4%          3    ###....


Dungeon Overview and Level Annotations

Branches:
Dungeon (4/15)             Temple (1/1) D:4

Altars:
Cheibriados
Dithmenos
Elyvilon
Fedhas
Gozag
Hepliaklqana
Kikubaaqudgha
Makhleb
Nemelex Xobeh
Okawaru
Qazlal
Ru
Sif Muna
Vehumet
Xom
Yredelemnul
The Shining One

Annotations:
D:2 Terence
D:3 Agrougrou's ghost, amateur DsFi; Sigmund


Innate Abilities, Weirdness & Mutations

You are resistant to torment.
Your stone body is resilient. (AC +4)
You are immune to poison.
You resist negative energy. (rN+)
You are resistant to electric shocks. (rElec)
You can survive without breathing.
You are immune to petrification.
You are immune to rotting.


Message History

* * * LOW HITPOINT WARNING * * *
All of the chunks of flesh in your inventory have rotted away.
You climb upwards.
Level annotation: Terence Terence completely misses you.
Terence barely misses you.
There is a stone staircase leading down here.
Terence says, "Don't bother to defend, it's useless."
There is a stone staircase leading down here.
Terence misses you.
You climb downwards.
Level annotation: Agrougrou's ghost, amateur DsFi; Sigmund A rat comes into view.
There is a stone staircase leading up here.
Terence closely misses you.
You climb upwards.
There is a stone staircase leading down here.
There is a stone staircase leading up here.
Terence hits you but does no damage. Space warps horribly around you!
Ouch! That really hurt!
You die...

##..# #.......# #.... ##.##
#.......# #.... #..#
#.....<.# #.... ##.#####
##.....## #....
#.....####....## ###.#
#####.#....#### #..#
#.#.......## #.##
#..........#####.#
#.@.........##...#
#.@....).......####
#.......[..........
##........>..###....
########..#...#.))#.##.....
##.....#..###....###.##.....
##.............##.###.##.<...
#........................#...
#..........#####>..#..##.....


You could see Terence.

Vanquished Creatures
  A phantom (D:3)
  An orc priest (D:3)
  4 orc wizards (D:4)
  Ijyb (D:3)
  4 worker ants (D:4)
  4 gnolls
  5 adders
  3 oozes
  7 worms
  2 leopard geckos
  7 orcs
  8 bats
  3 giant cockroaches
  8 goblins
  8 hobgoblins
  17 jackals
  9 kobolds
  2 quokkas
  2 ball pythons (D:1)
  2 frilled lizards
  16 rats
  2 fungi (D:3)
116 creatures vanquished.

Notes
Turn   | Place    | Note
-------+----------+-------------------------------------------
     0 | D:1      | Baril the Gargoyle Earth Elementalist began the quest for the Orb.
     0 | D:1      | Reached XP level 1. HP: 10/10 MP: 3/3
   449 | D:1      | Reached XP level 2. HP: 11/15 MP: 3/5
   551 | D:1      | Reached skill level 4 in Earth Magic
  1088 | D:1      | Reached XP level 3. HP: 19/19 MP: 6/6
  1093 | D:1      | Learned a level 3 spell: Stone Arrow
  1466 | D:1      | Reached skill level 1 in Conjurations
  1738 | D:2      | Reached XP level 4. HP: 10/24 MP: 5/8
  2209 | D:2      | Noticed Terence
  2212 | D:1      | Reached skill level 5 in Earth Magic
  2526 | D:2      | Reached XP level 5. HP: 28/28 MP: 6/9
  3470 | D:3      | Found a blossoming altar of Fedhas.
  3510 | D:3      | Noticed Sigmund
  4331 | D:3      | Noticed Ijyb
  4423 | D:3      | Killed Ijyb
  4733 | D:4      | Reached XP level 6. HP: 28/32 MP: 1/11
  4838 | D:4      | Noticed a phantom
  4883 | D:3      | Killed a phantom
  4883 | D:3      | Reached skill level 6 in Earth Magic
  5665 | D:4      | Found a staircase to the Ecumenical Temple.
  5674 | Temple   | Entered the Ecumenical Temple
  5682 | Temple   | Became a worshipper of Vehumet
  5856 | D:4      | Found a shadowy altar of Dithmenos.
  5899 | D:4      | Reached XP level 7. HP: 36/36 MP: 0/13
  7018 | D:3      | Noticed Agrougrou's ghost (amateur DsFi)
  7169 | D:2      | Mangled by Terence

Skill      XL: |  1  2  3  4  5  6 |
---------------+-------------------+-----
Earth Magic    | 4 5 6 |  6.6
Conjurations   | 1 2 3 4 |  4.3
Spellcasting   | 3 4 |  4.3
Dodging        | |  1.5
Stealth        | |  2.1
Transmutations | |  0.7

Action                   |  1- 3 |  4- 6 |  7- 9 || total
-------------------------+-------+-------+-------++-------
Melee: Club              |   123 |   241 |    93 ||   457
       Unarmed           |     4 |       |       ||     4
       Flail             |       |       |    45 ||    45
 Cast: Sandblast         |    14 |    40 |     6 ||    60
       Stone Arrow       |       |    29 |    11 ||    40
 Stab: Sleeping          |     5 |     2 |       ||     7
  Eat: Chunk             |     3 |    12 |     3 ||    18
       Fruit             |       |     5 |     2 ||     7
Armor: Robe              |    57 |   106 |    67 ||   230
Dodge: Dodged            |    92 |   204 |   124 ||   420
